[Event "*** Titled Tuesday Blitz"]
[Site "Chess.com"]
[Date "2020.05.05"]
[Round "3"]
[White "Muguet7"]
[Black "mishanick"]
[Result "0-1"]
[WhiteElo "2465"]
[BlackElo "2939"]
[TimeControl "180+1"]
[EndTime "10:28:14 PDT"]
[Termination "mishanick won by checkmate"]

1. Nf3 d5 2. c4 d4 3. d3 c5 4. g3 Nc6 5. Bg2 e5 6. O-O Nf6 7. e3 Be7 8. exd4 exd4 9. Re1 Bg4 10. h3 Bh5 11. g4 Bg6 12. Bf4 Qb6 13. Ne5 Nxe5 14. Bxe5 O-O 15. Re2 Rfe8 16. Na3 Nd7 17. Bf4 a6 18. b3 h5 19. Nc2 hxg4 20. hxg4 Bd6 21. Bxd6 Qxd6 22. Qd2 Rxe2 23. Qxe2 Ne5 24. Ne1 Qe6 25. Bxb7 Re8 26. f3 Qf6 27. Be4 Re7 28.
Kg2 Qf4 29. Nc2 Nxd3 30. Qxd3 Rxe4 31. Qf1 Qd2+ 32. Kg1 Re2 33. Ne1 Qe3+ 34. Kh1 Qh6+ 35. Kg1 Qh2# 0-1

[Event "*** Titled Tuesday Blitz"]
[Site "Chess.com"]
[Date "2020.05.05"]
[Round "3"]
[White "Stewie_89"]
[Black "ChessWarrior7197"]
[Result "0-1"]
[WhiteElo "2621"]
[BlackElo "2854"]
[TimeControl "180+1"]
[EndTime "10:28:19 PDT"]
[Termination "ChessWarrior7197 won by resignation"]

1. e4 c5 2. Nf3 d6 3. Bb5+ Bd7 4. Bxd7+ Nxd7 5. O-O Ngf6 6. Qe2 e6 7. d4 cxd4 8. Nxd4 Be7 9. c4 O-O 10. Nc3 Rc8 11.
b3 a6 12. Bb2 Qa5 13. Rad1 Ne5 14. h3 Rfd8 15. f4 Nc6 16. Nxc6 Rxc6 17. e5 Ne8 18.
Kh1 b5 19. f5 dxe5 20. Rxd8 Bxd8 21. fxe6 Rxe6 22. cxb5 axb5 23. Qxb5 e4 24. Qc4 Bf6 25. b4 Qa8 26. b5 Nd6 27. Qb3 e3 28.
Ne2 Bxb2 29. Qxb2 Ne4 30. b6 Nf2+ 31. Kh2 Qb8+ 32. Kg1 Nxh3+ 33. Kh1 Rh6 34. g3 Qb7+ 35. Kh2 Nf2+ 0-1

[Event "*** Titled Tuesday Blitz"]
[Site "Chess.com"]
[Date "2020.05.05"]
[Round "3"]
[White "Zhuu96"]
[Black "vladimirdamjanovic"]
[Result "0-1"]
[WhiteElo "2917"]
[BlackElo "2613"]
[TimeControl "180+1"]
[EndTime "10:28:20 PDT"]
[Termination "vladimirdamjanovic won by resignation"]

1. d4 Nf6 2. c4 c5 3. d5 b5 4. cxb5 a6 5. Nc3 axb5 6. Nxb5 g6 7. e3 Bg7 8. Ne2 O-O 9. Nec3 e6 10. d6 Nc6 11. Be2 Ba6 12. O-O Ne8 13. a4 Qb8 14. Ne4 Qb6 15. Qc2 Bxb5 16. Bxb5 Nb4 17. Qxc5 Qxc5 18.
Nxc5 Nxd6 19. Bxd7 Na6 20. Nxa6 Rxa6 21. Rd1 Rb8 22.
Rb1 Rb7 23. Bc8 Nxc8 24. Rd8+ Bf8 25. Rxc8 Rxa4 26. b3 Ra5 27. e4 f5 28. Bh6 Rf7 29.
b4 Raa7 30. exf5 gxf5 31. f4 Rac7 32. Rxc7 Rxc7 33. Bxf8 Kxf8 34. b5 Rb7 35. Kf2 Ke7 36. Ke3 Kd6 37. Kd4 Rb6 38. g3 h6 39. Rb2 h5 40. Rb1 Kc7 41. Ke5 Kd7 42. Rb3 Ke7 43. h4 Rd6 0-1

[Event "*** Titled Tuesday Blitz"]
[Site "Chess.com"]
[Date "2020.05.05"]
[Round "3"]
[White "BabyBoss31"]
[Black "arminmusovic"]
[Result "1-0"]
[WhiteElo "2295"]
[BlackElo "2496"]
[TimeControl "180+1"]
[EndTime "10:28:20 PDT"]
[Termination "BabyBoss31 won by resignation"]

1. d4 d5 2. c4 c5 3. cxd5 e6 4. dxe6 Bxe6 5. Nf3 Nc6 6. e3 a6 7. Nc3 Nf6 8. Be2 Be7 9. O-O O-O 10.
dxc5 Qa5 11. a3 Rfd8 12. Qc2 Qxc5 13. b4 Qh5 14. Bb2 Bd6 15. h3 Bf5 16. e4 Bxh3 17. gxh3 Qxh3 18. Rfd1 Ne5 19. Rxd6 Nxf3+ 20. Bxf3 Qxf3 21.
Rad1 Qg4+ 22. Kf1 Qh3+ 23. Ke2 Re8 24. Qd3 Rac8 25. Qxh3 1-0

[Event "*** Titled Tuesday Blitz"]
[Site "Chess.com"]
[Date "2020.05.05"]
[Round "3"]
[White "ftorodent"]
[Black "Nara_Kh"]
[Result "1-0"]
[WhiteElo "2670"]
[BlackElo "2414"]
[TimeControl "180+1"]
[EndTime "10:28:21 PDT"]
[Termination "ftorodent won by checkmate"]

1. d4 d5 2. c4 c6 3. Nf3 Nf6 4. Nc3 e6 5. e3 Nbd7 6. Qc2 Bd6 7. b3 b6 8. Bb2 Bb7 9. Bd3 O-O 10. O-O Qe7 11.
Rfe1 e5 12. e4 exd4 13. Nxd4 dxe4 14. Nxe4 Nxe4 15. Bxe4 Qh4 16. g3 Qh5 17. Nf5 Be5 18. Rad1 Nf6 19. Bxe5 Ng4 20. Bg2 Qxh2+ 21. Kf1 Rae8 22.
Bxg7 Rxe1+ 23. Rxe1 Rd8 24. Qc3 c5 25. Ne7# 1-0

[Event "*** Titled Tuesday Blitz"]
[Site "Chess.com"]
[Date "2020.05.05"]
[Round "3"]
[White "DortmundCity"]
[Black "MiroVlasenko"]
[Result "1-0"]
[WhiteElo "2393"]
[BlackElo "2571"]
[TimeControl "180+1"]
[EndTime "10:28:21 PDT"]
[Termination "DortmundCity won by resignation"]

1. e4 Nc6 2. d4 d5 3. Nc3 dxe4 4. d5 Ne5 5. Qd4 Ng6 6. Nxe4 c6 7. Be3 Qxd5 8.
Qxd5 cxd5 9. Nc3 e6 10. Nb5 Kd8 11. Bxa7 Bb4+ 12. c3 Ba5 13. Nf3 Bd7 14. Bd4 f6 15. Nd6 Ke7 16. Nxb7 Bc7 17. Nc5 Bc8 18. Bb5 Nh6 19.
a4 Nf5 20. Nd3 Nxd4 21. Nxd4 e5 22. Nc6+ Kf7 23. b4 Bf5 24. Nc5 Rhc8 25. Ba6 Re8 26. Bb7 Bb6 27. Bxa8 Rxa8 28. a5 Bxc5 29. bxc5 Nf4 30.
Nb4 Nxg2+ 31. Kd2 Be4 32. a6 Nh4 33. Rhd1 Nf3+ 34. Ke3 Nxh2 35. Nxd5 Bf3 36. Nb6 1-0

[Event "*** Titled Tuesday Blitz"]
[Site "Chess.com"]
[Date "2020.05.05"]
[Round "3"]
[White "Orest_Vovk"]
[Black "julinha97"]
[Result "1-0"]
[WhiteElo "2424"]
[BlackElo "2163"]
[TimeControl "180+1"]
[EndTime "10:28:21 PDT"]
[Termination "Orest_Vovk won by resignation"]

1. g4 d5 2. Bg2 c5 3. h3 Nc6 4. c4 d4 5. Bxc6+ bxc6 6. Qa4 Qc7 7. d3 e5 8. Nf3 Bd6 9. Nbd2 Ne7 10. Ne4 O-O 11. Nfg5 Ng6 12. Nxd6 Qxd6 13. Ne4 Qe7 14. Qa5 f5 15. gxf5 Bxf5 16. Qxc5 Qh4 17. Ng3 Bd7 18.
Bd2 Rae8 19. Rh2 Rxf2 20. Kxf2 Rf8+ 21. Kg2 Nf4+ 22. Bxf4 exf4 23. Ne4 f3+ 24. exf3 Qf4 25. Rf1 Rf5 26. Qd6 Be8 27. Qxf4 1-0

[Event "*** Titled Tuesday Blitz"]
[Site "Chess.com"]
[Date "2020.05.05"]
[Round "3"]
[White "Chessmatus"]
[Black "Zurability"]
[Result "0-1"]
[WhiteElo "2367"]
[BlackElo "2696"]
[TimeControl "180+1"]
[EndTime "10:28:22 PDT"]
[Termination "Zurability won by resignation"]

1. e4 e5 2. Nf3 Nc6 3. Bb5 a6 4. Ba4 Nf6 5. O-O Be7 6. Re1 b5 7. Bb3 d6 8. c3 O-O 9. h3 Nd7 10.
d4 Bf6 11. a4 Bb7 12. d5 Na5 13. Bc2 Nb6 14. b4 Nac4 15. a5 Nd7 16. Nbd2 Nxd2 17. Qxd2 Be7 18. Bb3 c6 19. c4 bxc4 20. Bxc4 Nf6 21.
Bb2 cxd5 22. exd5 Qd7 23. Rac1 Rfc8 24. Bb3 Qb5 25. Rxc8+ Rxc8 26. Rc1 Rxc1+ 27. Bxc1 Nxd5 28. Ba3 h6 29. Qe1 Nf4 30. Qe3 Qc6 31. Bb2 Bg5 32. Qc3 Ne2+ 0-1

[Event "*** Titled Tuesday Blitz"]
[Site "Chess.com"]
[Date "2020.05.05"]
[Round "3"]
[White "Mizner"]
[Black "Gordima"]
[Result "0-1"]
[WhiteElo "2525"]
[BlackElo "2798"]
[TimeControl "180+1"]
[EndTime "10:28:22 PDT"]
[Termination "Gordima won by resignation"]

1. e4 e5 2. Nf3 Nc6 3. Nc3 Nf6 4. d4 exd4 5. Nxd4 Bb4 6. Nxc6 bxc6 7. Bd3 O-O 8. O-O d6 9. Qf3 h6 10. Bf4 Qe7 11.
h3 Nd7 12. Qg3 Kh8 13. Na4 Ba5 14. a3 Ne5 15. Be2 Bd7 16. b4 Bb6 17. Ba6 Ng6 18.
Rfe1 Nxf4 19. Qxf4 Bd4 20. Rad1 Be5 21. Qe3 c5 22.
Nc3 Bd4 23. Qf3 c6 24. Ne2 Be5 25. bxc5 dxc5 26. Ng3 g6 27. Qe3 Kh7 28. Ne2 Rab8 29. Rb1 Be6 30. Red1 Rb6 31. Qd3 Rfb8 32. Rxb6 axb6 33.
Bc4 Bf6 34. Bxe6 Qxe6 35. Qd7 Rd8 0-1

[Event "*** Titled Tuesday Blitz"]
[Site "Chess.com"]
[Date "2020.05.05"]
[Round "3"]
[White "crazy_but_lazy"]
[Black "Tsyhanchuk_Stanislav"]
[Result "0-1"]
[WhiteElo "2376"]
[BlackElo "2592"]
[TimeControl "180+1"]
[EndTime "10:28:22 PDT"]
[Termination "Tsyhanchuk_Stanislav won by checkmate"]

1. d4 Nf6 2. c4 c6 3. Nc3 d5 4. cxd5 cxd5 5. Bf4 Nc6 6. e3 e6 7. Bd3 Be7 8. Nf3 O-O 9. O-O a6 10. Rc1 Bd7 11. Ne5 Rc8 12. a3 b5 13.
Nxc6 Bxc6 14. h3 Qa5 15. Qd2 Qb6 16. b4 a5 17. Qb2 axb4 18. axb4 Ra8 19. Ra1 Ne4 20.
Nxe4 dxe4 21. Bc2 Bd5 22. Bb3 Rfc8 23. Bxd5 exd5 24. Rxa8 Rxa8 25. Rc1 h6 26. Bc7 Qg6 27. Qb3 Qe6 28. Ba5 g5 29. Rc7 Bd6 30. Rc6 Bh2+ 31. Kxh2 Qxc6 32. Qd1 Rc8 33. Qh5 Qd6+ 34. g3 Rc2 35.
Kg2 Qf6 36. Qxf7+ Qxf7 37. Bc7 Qxf2+ 38. Kh1 Qh2# 0-1

[Event "*** Titled Tuesday Blitz"]
[Site "Chess.com"]
[Date "2020.05.05"]
[Round "3"]
[White "vugarrasulov"]
[Black "ValeriyGrinev"]
[Result "1-0"]
[WhiteElo "2796"]
[BlackElo "2525"]
[TimeControl "180+1"]
[EndTime "10:28:23 PDT"]
[Termination "vugarrasulov won by resignation"]

1. c4 c5 2. Nc3 Nc6 3. g3 g6 4.
Bg2 Bg7 5. a3 d6 6. Rb1 a5 7. e3 e6 8. h4 h6 9. Nf3 Nge7 10. d4 cxd4 11. exd4 d5 12. c5 Nf5 13. Ne2 Qf6 14. Be3 O-O 15. O-O b6 16. b4 axb4 17.
axb4 bxc5 18. dxc5 Nxe3 19. fxe3 Ne5 20. b5 Nc4 21. Nd2 Nxe3 22. Rxf6 Nxd1 23. Rf3 Nb2 24. c6 Rb8 25. Rb3 Nc4 26. Nxc4 dxc4 27. c7 Rb6 28. Rb4 c3 29. Rc4 Bd7 30. Nxc3 Rc8 31. Rd1 Bxc3 32. Rxc3 1-0

[Event "*** Titled Tuesday Blitz"]
[Site "Chess.com"]
[Date "2020.05.05"]
[Round "3"]
[White "mrkvoz"]
[Black "davidkalashian"]
[Result "1-0"]
[WhiteElo "2814"]
[BlackElo "2534"]
[TimeControl "180+1"]
[EndTime "10:28:24 PDT"]
[Termination "mrkvoz won by resignation"]

1. e4 c6 2. Nc3 g6 3. d4 Bg7 4.
f4 d5 5. e5 h5 6. Nf3 Nh6 7.
Be2 Bg4 8. O-O Nf5 9. Ng5 Bxe2 10. Nxe2 e6 11. Qd3 Bh6 12. b3 Nd7 13. c4 Bxg5 14.
fxg5 dxc4 15. bxc4 Nxe5 16. Qc3 Nd7 17. d5 Qb6+ 18. Kh1 e5 19. Ba3 c5 20. Rab1 Qc7 21.
Ng3 Nd6 22. Qd3 h4 23. Ne4 Nf5 24. Rxb7 Qxb7 25. Rxf5 O-O 26. Rf1 Rab8 27. Bxc5 Nxc5 28. Nxc5 Qe7 29. Ne4 Rb2 30. c5 Kg7 31. c6 Rc8 32. d6 Qe6 33. d7 Rd8 34. Qc3 Qf5 35.
Qe1 h3 36. Rxf5 hxg2+ 37. Kg1 1-0

[Event "*** Titled Tuesday Blitz"]
[Site "Chess.com"]
[Date "2020.05.05"]
[Round "3"]
[White "cstevens1"]
[Black "BikingBrian"]
[Result "1-0"]
[WhiteElo "2630"]
[BlackElo "2319"]
[TimeControl "180+1"]
[EndTime "10:28:24 PDT"]
[Termination "cstevens1 won by resignation"]

1. e4 c5 2. Nf3 g6 3. c3 Bg7 4. d4 cxd4 5. cxd4 d5 6. e5 Bg4 7. Nbd2 Nc6 8. h3 Bxf3 9. Nxf3 e6 10. Bd3 Nge7 11. O-O O-O 12. Bf4 Qb6 13. Be3 Rac8 14. Qd2 Na5 15. b3 Rc7 16. Bh6 Rfc8 17. Qg5 Bh8 18. Qh4 Nac6 19. Be3 Bg7 20. Ng5 h6 21. Nf3 Kh7 22. Qf4 Ng8 23. h4 Nb4 24. Rad1 Nxd3 25. Rxd3 Rc3 26. Rxc3 Rxc3 27. Qxf7 Rc6 28. h5 gxh5 29.
Qxh5 Qd8 30. Ng5+ Kh8 31. Nf7+ 1-0

[Event "*** Titled Tuesday Blitz"]
[Site "Chess.com"]
[Date "2020.05.05"]
[Round "3"]
[White "Sven_Tica"]
[Black "karinachess1"]
[Result "1-0"]
[WhiteElo "2715"]
[BlackElo "2486"]
[TimeControl "180+1"]
[EndTime "10:28:26 PDT"]
[Termination "Sven_Tica won by resignation"]

1. d4 Nf6 2. c4 e6 3. g3 d5 4.
Bg2 Be7 5. Nf3 O-O 6. O-O dxc4 7. Qc2 c6 8. Qxc4 b5 9. Qb3 Nbd7 10. Nc3 Bb7 11. Rd1 a6 12. Bg5 h6 13. Bxf6 Nxf6 14.
Rac1 Qb6 15. Na4 Qc7 16. Nc5 Bxc5 17. dxc5 Rfd8 18. Qc3 a5 19. a3 b4 20. axb4 Nd5 21. Qb3 a4 22. Qa3 Ba6 23. Nd4 Rdb8 24. Bxd5 exd5 25. e3 Bc8 26. b5 cxb5 27. b4 axb3 28. Qxb3 Be6 29. e4 Qe5 30. Nxe6 fxe6 31. exd5 Kh7 32.
d6 b4 33. c6 Ra3 34. Qc2+ g6 35. c7 1-0

[Event "*** Titled Tuesday Blitz"]
[Site "Chess.com"]
[Date "2020.05.05"]
[Round "3"]
[White "MrRooke6"]
[Black "827883"]
[Result "0-1"]
[WhiteElo "2458"]
[BlackElo "2224"]
[TimeControl "180+1"]
[EndTime "10:28:26 PDT"]
[Termination "827883 won by resignation"]

1. e4 e5 2. Nf3 Nc6 3. Bc4 Nf6 4.
d3 Bc5 5. Nc3 O-O 6. Bg5 h6 7.
Bh4 Be7 8. Qd2 d6 9. h3 Na5 10.
Bb3 Nxb3 11. axb3 c6 12. Bxf6 Bxf6 13. O-O d5 14. exd5 cxd5 15. Rfe1 Re8 16. b4 b6 17. Re2 Bb7 18. Rae1 Qc7 19. Nb5 Qd7 20. c4 dxc4 21. dxc4 Qc6 22. Qd6 Qxc4 23. Nxe5 Qxb5 24. f4 Bxe5 25. fxe5 Rad8 26. Qc7 Qc6 27. Qxc6 Bxc6 28. Ra1 Rd7 29. Rc1 Bd5 30. Kf2 Red8 31. Rd2 Be6 32. Rxd7 Rxd7 33. Ke3 Kf8 34. Rc8+ Ke7 35. Ra8 Rc7 36. Kd4 Bd7 37. g4 Bc6 38. Rg8 Rd7+ 39. Ke3 Bg2 40. Rxg7 Bxh3 41. Kf4 Rd4+ 42. Kg3 Bf1 43.
Rh7 Be2 44. Rxh6 Rxg4+ 45. Kf2 Bc4 46. Rc6 Kd7 47. Rd6+ Kc7 48. Ke3 Be6 49. b5 Rb4 50.
Rc6+ Kb7 51. Rc2 Rxb5 52. Kd4 Rd5+ 53. Ke4 Rc5 54. Rd2 Rc7 55. Rd6 a5 56. Kd4 Rd7 57.
Rxd7+ Bxd7 58. Kd5 Be6+ 59. Kd6 Ka6 0-1

[Event "*** Titled Tuesday Blitz"]
[Site "Chess.com"]
[Date "2020.05.05"]
[Round "3"]
[White "StockholmMissile"]
[Black "IsaacWiebe"]
[Result "1-0"]
[WhiteElo "2402"]
[BlackElo "2136"]
[TimeControl "180+1"]
[EndTime "10:28:27 PDT"]
[Termination "StockholmMissile won by checkmate"]

1. d4 d5 2. c4 dxc4 3. e4 Nc6 4. Nf3 Nf6 5. e5 Nd5 6. Bxc4 Bg4 7. Be3 e6 8. O-O Be7 9. Nbd2 O-O 10. Be2 Qd7 11. Rc1 Rfd8 12. Qb3 Nb6 13. Rfd1 Qd5 14. Qc2 Qxa2 15. Qe4 Bf5 16. Qf4 Nd5 17. Qg3 Qxb2 18. Bh6 Bg6 19. Bg5 Bxg5 20. Qxg5 Nxd4 21. Bc4 Nxf3+ 22.
Nxf3 c6 23. h3 Qb6 24. h4 h6 25. Qg4 Bf5 26. Qg3 Qc7 27. Bxd5 cxd5 28. Rxc7 Bg6 29.
Rxb7 a5 30. Ra1 a4 31. Qf4 a3 32. Qb4 a2 33. Qb2 Bb1 34. Rxb1 axb1=Q+ 35. Qxb1 Rac8 36. Kh2 d4 37. Rb3 Rc3 38. Rxc3 dxc3 39. Qc2 Rc8 40. Nd4 f6 41. exf6 e5 42. Ne2 gxf6 43. Nxc3 Kf7 44. Qh7+ Ke6 45. Ne4 Rc4 46. Qg8+ Kf5 47. Qxc4 h5 48.
Ng3+ Kg6 49. Qg8+ Kh6 50. Nf5# 1-0

[Event "*** Titled Tuesday Blitz"]
[Site "Chess.com"]
[Date "2020.05.05"]
[Round "3"]
[White "WeAintSurePal"]
[Black "oskariot"]
[Result "0-1"]
[WhiteElo "2394"]
[BlackElo "2611"]
[TimeControl "180+1"]
[EndTime "10:28:30 PDT"]
[Termination "oskariot won by resignation"]

1. d4 Nf6 2. Nf3 g6 3. Bg5 Bg7 4. Nbd2 d5 5. c3 O-O 6. e3 Nbd7 7. Be2 b6 8. a4 a6 9. O-O Bb7 10. h3 Re8 11. Qb3 e5 12. dxe5 Nxe5 13. Rfd1 h6 14. Bh4 Nxf3+ 15. Bxf3 g5 16. Bg3 Qe7 17. Qc2 Rad8 18.
Nc4 Ne4 19. Bxe4 dxe4 20. Rxd8 Rxd8 21. Rd1 Rd5 22. Rd2 Qd7 23. Qd1 Rd3 24. Qc2 b5 25. Rxd3 exd3 26. Qb3 bxc4 27. Qxb7 d2 0-1

[Event "*** Titled Tuesday Blitz"]
[Site "Chess.com"]
[Date "2020.05.05"]
[Round "3"]
[White "BillCoe"]
[Black "kasparicy"]
[Result "0-1"]
[WhiteElo "2013"]
[BlackElo "2293"]
[TimeControl "180+1"]
[EndTime "10:28:30 PDT"]
[Termination "kasparicy won by resignation"]

1. e4 c5 2. Nf3 d6 3. d4 cxd4 4. Nxd4 Nf6 5. Nc3 a6 6. h3 e6 7. g4 b5 8. Bg2 Bb7 9. g5 Nfd7 10. h4 Nb6 11. O-O Be7 12. b3 N8d7 13. Nce2 d5 14. Ng3 dxe4 15. Nxe4 Qc7 16. Bb2 Nc5 17. Qg4 Nxe4 18.
Bxe4 Bxe4 19. Qxe4 O-O 20. Rac1 Rad8 21. Nc6 Rd5 22.
Nxe7+ Qxe7 23. c4 bxc4 24. bxc4 Rd2 25. Qe5 f6 26. Qc3 Nxc4 27. Qxc4 Rxb2 28. Rce1 fxg5 29.
Rxe6 Qf7 30. hxg5 Rxf2 31. Rxf2 Qxf2+ 32. Kh1 Qf3+ 33. Kg1 Qg3+ 34. Kh1 Kh8 35. Qe2 Qxg5 36. Re8 Qd5+ 37. Kg1 Qc5+ 38. Kh2 Qd6+ 39. Kg1 Qg6+ 0-1

[Event "*** Titled Tuesday Blitz"]
[Site "Chess.com"]
[Date "2020.05.05"]
[Round "3"]
[White "calin_dragomirescu"]
[Black "cukin84"]
[Result "0-1"]
[WhiteElo "2296"]
[BlackElo "2065"]
[TimeControl "180+1"]
[EndTime "10:28:31 PDT"]
[Termination "cukin84 won by resignation"]

1. Nf3 f5 2. g3 Nf6 3. d4 d6 4.
Bg2 g6 5. O-O Bg7 6. c4 O-O 7.
Nc3 Qe8 8. b3 c6 9. Bb2 e5 10.
dxe5 dxe5 11. e4 Nh5 12. exf5 gxf5 13. Re1 e4 14. Nh4 Qf7 15. Na4 Bxb2 16. Nxb2 Nd7 17. Qd6 Qf6 18. Rad1 Qxb2 19. Qe6+ Kh8 20. Rxd7 Bxd7 21.
Qxd7 Qg7 22. Qd1 Nf6 23. Nxf5 Qd7 24. Ne3 Qxd1 25. Rxd1 Rad8 26. Kf1 Rxd1+ 27. Nxd1 Ng4 28. h3 Nxf2 29. Ne3 Nd1+ 30. Ke2 Nxe3 31. Kxe3 Kg7 32. Bxe4 h6 33. h4 Kf6 34. g4 Ke5 35. g5 hxg5 36. hxg5 Rf1 37. Bd3 Re1+ 38. Kd2 Rg1 39. g6 Kd4 40.
Bf5 Rg2+ 41. Ke1 Ke3 42. Kd1 Rg5 43. Bb1 a5 44. Kc1 Rg2 45. Bc2 Kd4 46. Kb2 c5 47. a3 b6 48. Kb1 Kc3 49. Be4 Rg1+ 50. Ka2 Rg4 51. Bf5 Rg2+ 52. Kb1 Kxb3 53. Kc1 Kxc4 54. Kd1 Kb3 55. Ke1 Kxa3 56. Kf1 Rg5 57. Kf2 Rxf5+ 0-1

[Event "*** Titled Tuesday Blitz"]
[Site "Chess.com"]
[Date "2020.05.05"]
[Round "3"]
[White "floplover"]
[Black "fmshawnrl123"]
[Result "0-1"]
[WhiteElo "2279"]
[BlackElo "2689"]
[TimeControl "180+1"]
[EndTime "10:28:32 PDT"]
[Termination "fmshawnrl123 won by resignation"]

1. d4 Nf6 2. c4 e6 3. Nc3 Bb4 4.
Qc2 O-O 5. e4 d5 6. e5 Ne4 7.
Bd3 c5 8. Nf3 cxd4 9. Nxd4 Nd7 10.
Bf4 Ndc5 11. O-O Bxc3 12. bxc3 Nxd3 13. Qxd3 Nc5 14. Qg3 Kh8 15. cxd5 exd5 16. Rad1 Be6 17. Rfe1 Rc8 18. Bg5 Qd7 19. f4 Ne4 20. Rxe4 dxe4 21.
Rf1 Bf5 22. Bh4 Rc4 23. Qg5 h6 24. Qe7 Re8 25. Qa3 b5 26. g4 Bxg4 27. f5 b4 28. Qc1 Rxc3 29. Qf4 Qxd4+ 30. Kh1 Bf3+ 31. Rxf3 Rxf3 0-1

[Event "*** Titled Tuesday Blitz"]
[Site "Chess.com"]
[Date "2020.05.05"]
[Round "3"]
[White "VerdeNotte"]
[Black "ilya261991"]
[Result "1-0"]
[WhiteElo "2842"]
[BlackElo "2552"]
[TimeControl "180+1"]
[EndTime "10:28:32 PDT"]
[Termination "VerdeNotte won by resignation"]

1. e4 d6 2. d4 Nf6 3. Nc3 e5 4. Nf3 Nbd7 5. Bc4 Be7 6. O-O O-O 7. Re1 c6 8. a4 h6 9. h3 Qc7 10. a5 Re8 11. Be3 Nf8 12. Nh4 Nxe4 13. Nxe4 Bxh4 14.
Qh5 Bd8 15. Nxd6 Qxd6 16. Qxf7+ Kh7 17. Qg8+ Kg6 18. Qf7+ Kh7 19. Qxe8 e4 20. Qxe4+ Kh8 21. Bf4 Qf6 22. Be5 Qg5 23. Ra3 Bf5 24. Qf4 Qxf4 25. Bxf4 Bf6 26. Be5 Bxe5 27. Rxe5 Bxc2 28.
Re7 Rd8 29. Bd3 Bxd3 30. Rxd3 Ng6 31. Rxb7 Nf4 32. Re3 Rxd4 33. Re8+ Kh7 34. Ree7 Rd1+ 35. Kh2 1-0

[Event "*** Titled Tuesday Blitz"]
[Site "Chess.com"]
[Date "2020.05.05"]
[Round "3"]
[White "giantslayer83"]
[Black "dennisodessa"]
[Result "1-0"]
[WhiteElo "2692"]
[BlackElo "2298"]
[TimeControl "180+1"]
[EndTime "10:28:35 PDT"]
[Termination "giantslayer83 won by resignation"]

1. d4 Nf6 2. Bg5 c5 3. d5 Ne4 4.
h4 Qb6 5. Nd2 Nxd2 6. Bxd2 Qxb2 7.
e4 g6 8. Rh3 Bg7 9. Rb1 Qxa2 10. Qc1 Qa4 11. Re3 a6 12. f3 d6 13. Ra3 Qd7 14. Bb5 axb5 15. Rxa8 Na6 16. Ne2 O-O 17. Bh6 Bxh6 18. Qxh6 e6 19. Nf4 e5 20. Nh3 f6 21. Kd2 b4 22. Ra1 Qg7 23. Qxg7+ Kxg7 24. Ra7 Kf7 25. R1xa6 Ke8 26. Rxd6 1-0

[Event "*** Titled Tuesday Blitz"]
[Site "Chess.com"]
[Date "2020.05.05"]
[Round "3"]
[White "binbin239"]
[Black "VladimirBelous"]
[Result "0-1"]
[WhiteElo "2435"]
[BlackElo "2726"]
[TimeControl "180+1"]
[EndTime "10:28:35 PDT"]
[Termination "VladimirBelous won by resignation"]

1. d4 Nf6 2. c4 g6 3. Nc3 Bg7 4. e4 O-O 5. Be2 d6 6. Nf3 Na6 7. O-O e5 8. Be3 Ng4 9. Bg5 Qe8 10. h3 h6 11. Bc1 Nf6 12. Be3 exd4 13. Nxd4 Nxe4 14. Nxe4 Qxe4 15. Bf3 Qh4 16. Rc1 Re8 17. Re1 Nc5 18. Nb5 Ne6 19. Nxa7 Bxb2 20. Rc2 Be5 21.
Nxc8 Raxc8 22. Bxb7 Rb8 23. Bc6 Red8 24. Qd3 Nf4 25.
Qe4 Qf6 26. Ba7 Rb4 27. a3 Rb3 28. c5 Nd3 29. Re3 Rb1+ 0-1

[Event "*** Titled Tuesday Blitz"]
[Site "Chess.com"]
[Date "2020.05.05"]
[Round "3"]
[White "Veiso"]
[Black "IMinTheWings"]
[Result "0-1"]
[WhiteElo "2370"]
[BlackElo "2186"]
[TimeControl "180+1"]
[EndTime "10:28:35 PDT"]
[Termination "IMinTheWings won by resignation"]

1. d4 Nf6 2. c4 e6 3. Nf3 c5 4. d5 b5 5. Bg5 exd5 6. cxd5 d6 7.
a4 b4 8. e4 Nbd7 9. Nbd2 h6 10.
Bh4 Be7 11. Bb5 O-O 12. O-O Nxd5 13. Bxe7 Nxe7 14. Nc4 Nf6 15. Nxd6 Bg4 16. Bc4 Qc7 17. e5 Nd7 18. Nxf7 Rxf7 19. e6 Rf4 20. Bd5 Nxd5 21. Qxd5 Nb6 22. Qe5 Qxe5 23. Nxe5 Bxe6 24. a5 Nc4 25.
Nd3 Rf5 26. Rfe1 Bf7 27. f3 Rd8 28. Rad1 Rfd5 29. Nf2 0-1

[Event "*** Titled Tuesday Blitz"]
[Site "Chess.com"]
[Date "2020.05.05"]
[Round "3"]
[White "LiamPutnam2008"]
[Black "Ladislav1969"]
[Result "1-0"]
[WhiteElo "2545"]
[BlackElo "2344"]
[TimeControl "180+1"]
[EndTime "10:28:36 PDT"]
[Termination "LiamPutnam2008 won by resignation"]

1. d4 Nf6 2. Bg5 d5 3. e3 g6 4.
Bxf6 exf6 5. g3 f5 6. Bg2 c6 7. Ne2 Bd6 8. O-O O-O 9. c4 dxc4 10. Nd2 b5 11. a4 bxa4 12. Qxa4 Be6 13. Nxc4 Bd5 14. Na5 Bxg2 15. Kxg2 Bc7 16. Rfc1 Qd5+ 17. Kg1 Qf3 18. Nc3 Re8 19. d5 f4 20. exf4 Nd7 21.
Qxc6 Bb6 22. Rf1 Nc5 23. d6 Qxc6 24. Nxc6 Nd3 25. Nd5 Bc5 26. Nf6+ Kg7 27. Nxe8+ Rxe8 28. d7 1-0

[Event "*** Titled Tuesday Blitz"]
[Site "Chess.com"]
[Date "2020.05.05"]
[Round "3"]
[White "MathiasWomacka"]
[Black "Rozum_Ivan"]
[Result "1-0"]
[WhiteElo "2443"]
[BlackElo "2689"]
[TimeControl "180+1"]
[EndTime "10:28:38 PDT"]
[Termination "MathiasWomacka won by resignation"]

1. e4 c6 2. d4 d5 3. Nd2 dxe4 4.
Nxe4 Bf5 5. Ng3 Bg6 6. h4 h6 7. Nf3 Nd7 8. h5 Bh7 9. Bd3 Bxd3 10. Qxd3 e6 11. Bd2 Ngf6 12. O-O-O Be7 13. Kb1 O-O 14.
Ne4 c5 15. dxc5 Nxc5 16. Nxc5 Bxc5 17. Qe2 Qb6 18. Ne5 Rfd8 19. f4 Rac8 20. g4 Bd4 21. c3 Bxe5 22. fxe5 Nd5 23. Qf3 Qc6 24. Rhf1 Rd7 25.
g5 Rcd8 26. gxh6 Nxc3+ 27. bxc3 Rxd2 28. Qxf7+ 1-0

[Event "*** Titled Tuesday Blitz"]
[Site "Chess.com"]
[Date "2020.05.05"]
[Round "3"]
[White "AndrewDGreen"]
[Black "dragos420"]
[Result "0-1"]
[WhiteElo "2275"]
[BlackElo "2508"]
[TimeControl "180+1"]
[EndTime "10:28:38 PDT"]
[Termination "dragos420 won by resignation"]

1. e4 e5 2. Nf3 Nc6 3. Bb5 g6 4. c3 Bg7 5. O-O Nge7 6. d4 exd4 7. cxd4 a6 8. Ba4 b6 9. d5 Na5 10. d6 cxd6 11. Nc3 O-O 12. Bf4 b5 13. Bc2 Nc4 14.
Bxd6 Nxb2 15. Bxe7 Qxe7 16. Nd5 Qc5 17. Qe2 Bb7 18.
Rac1 Bxd5 19. exd5 Rfe8 20. Qd2 Nc4 21. Qg5 h6 22. Qg4 Qxd5 23. Rcd1 Qe6 24. Qg3 Rad8 25. h4 h5 26. Ng5 Qg4 27. Qc7 Qxh4 28. Nxf7 Kxf7 29.
Rxd7+ Rxd7 30. Qxd7+ Qe7 31. Qd5+ Qe6 32. Qb7+ Re7 33.
Qf3+ Kg8 34. Qg3 Be5 35. Qg5 Qf6 36. Qh6 Rh7 37. Qc1 Qf4 0-1

[Event "*** Titled Tuesday Blitz"]
[Site "Chess.com"]
[Date "2020.05.05"]
[Round "3"]
[White "ecwinslow"]
[Black "IwkooO"]
[Result "0-1"]
[WhiteElo "2231"]
[BlackElo "2572"]
[TimeControl "180+1"]
[EndTime "10:28:38 PDT"]
[Termination "IwkooO won by resignation"]

1. e4 c5 2. Nf3 e6 3. d4 cxd4 4. Nxd4 Nc6 5. Nc3 a6 6. g3 d6 7. Bg2 Bd7 8. O-O Nf6 9. Re1 Be7 10. a4 O-O 11. h3 Rb8 12. Nxc6 Bxc6 13. Be3 Nd7 14.
a5 Ne5 15. b3 Bf6 16. Qd2 Rc8 17. Rad1 Qxa5 18. Nd5 Qxd2 19. Nxf6+ gxf6 20. Rxd2 d5 21. f4 Ng6 22. exd5 Bxd5 23. Bxd5 exd5 24. h4 Rc3 25. Kf2 Rfc8 26. Ree2 Nf8 27. Bd4 R3c6 28. f5 Nd7 29. c3 Kf8 30. Rd3 Nc5 31. Rde3 Ne4+ 32. Kg2 Nxc3 33.
Bxc3 Rxc3 34. b4 Rxe3 35. Rxe3 Rc4 36. Rb3 Ke7 37. Kf3 Kd6 38. g4 h5 0-1